 Dungeon Crawl Stone Soup version 0.28-a0-1087-gf3fc490d9d (webtiles) character file.

Game seed: 8732260044170201242

3 ytrimaz the Insei (level 1, -1/13 HPs)
             Began as an Octopode Transmuter on Dec 10, 2021.
             Slain by a ball python (2 damage)
             ... on level 1 of the Dungeon.
             The game lasted 00:00:14 (35 turns).

ytrimaz the Insei (Octopode Transmuter)               Turns: 35, Time: 00:00:15

Health: -1/13      AC:  1    Str:  9    XL:     1   Next: 50%
Magic:  3/3        EV: 10    Int: 15    God:
Gold:   0          SH:  0    Dex: 12    Spells: 3/4 levels left

rFire   . . .      SeeInvis .     - Unarmed
rCold   . . .      Faith    .   (no shield)
rNeg    . . .      Spirit   .   (helmet restricted)
rPois   .          Reflect  .   (no amulet)
rElec   .          Harm     .   (no ring)
rCorr   .          Rampage  .   (no ring)
Will    .....                   (no ring)
Stlth   ++........              (no ring)
HPRegen 0.04/turn               (no ring)
MPRegen 0.08/turn               (no ring)
                                (no ring)
                                (no ring)

@: constricted
A: almost no armour, amphibious, 8 rings, camouflage 1, gelatinous body 1,
(nimble swimmer 1), tentacles
a: no special abilities


You were on level 1 of the Dungeon.
You visited 1 branch of the dungeon, and saw 1 of its levels.

You aren't carrying anything.


   Skills:
 * Level 1.1 Fighting
 - Level 2.0 Dodging
 + Level 3.1 Unarmed Combat
 * Level 2.0 Spellcasting
 * Level 2.0 Transmutations


You had 3 spell levels left.
You knew the following spells:

 Your Spells              Type           Power      Damage    Failure   Level
a - Beastly Appendage     Tmut           14%        N/A       10%         1

Your spell library contained the following spells:

 Spells                   Type           Power      Damage    Failure   Level
 Wereblood                Tmut           7%         N/A       14%         2
 Spider Form              Tmut/Pois      4%         N/A       41%         3
 Ice Form                 Ice/Tmut       4%         N/A       82%         4


Dungeon Overview and Level Annotations

Branches:
Dungeon (1/15)

Altars:


Innate Abilities, Weirdness & Mutations

You cannot wear most types of armour.
You are amphibious.
You can wear up to eight rings at the same time.
Your skin changes colour to match your surroundings (Stealth+).
Your rubbery body absorbs attacks. (AC +1, EV +1)
((You are camouflaged near water. (Stealth+)))
You have tentacles for arms and can constrict up to eight enemies at once.


Message History

A quokka comes into view.
The bat hits you.
A ball python comes into view.
There is a stone staircase leading down here.
The bat hits you but does no damage. The bat hits you but does no damage.
The bat hits you. The hobgoblin hits you.
You barely miss the hobgoblin. Your grab misses the hobgoblin.
The hobgoblin misses you.
You tentacle-slap the hobgoblin. Your grab misses the hobgoblin.
The hobgoblin is severely wounded.
You barely miss the hobgoblin. Your grab misses the hobgoblin.
The hobgoblin is severely wounded.
The hobgoblin closely misses you. The quokka bites you.
You tentacle-slap the hobgoblin.
You kill the hobgoblin!
The quokka closely misses you. The ball python closely misses you. x2
You barely miss the quokka. Your grab misses the quokka.
The quokka closely misses you. The ball python bites you.
The ball python barely misses you.
You barely miss the quokka. You grab the quokka. You constrict the quokka.
The quokka bites you. The ball python bites you.
* * * LOW HITPOINT WARNING * * *
The ball python closely misses you.
You tentacle-slap the quokka.
The quokka is almost dead.
You constrict the quokka.
You kill the quokka!
The ball python barely misses you. The ball python grabs you.
The ball python constricts you.
* * * LOW HITPOINT WARNING * * *
You tentacle-slap the ball python. Your grab misses the ball python.
The ball python is severely wounded.
The ball python misses you. The ball python constricts you.
* * * LOW HITPOINT WARNING * * *
You closely miss the ball python. Your grab misses the ball python.
The ball python is severely wounded.
The ball python bites you.
You die...

.P..P.....P..♣..#.#
............P.P.#.#
.♣...P...P......#.#
.......P........#.##
.....♣..♣♣♣.....#..#
......P.P ♣........###
#.........P.###.##...#
.#..#.###### #..#####
##... ##@## #S†#
########.# ...S...>.#
.........# .....b....#
...r......#
.......:..#
..........#


You could see a ball python.

Vanquished Creatures
  A hobgoblin (D:1)
  A quokka (D:1)
  A rat (D:1)
3 creatures vanquished.

Notes
Turn   | Place    | Note
-------+----------+-------------------------------------------
     0 | D:1      | ytrimaz the Octopode Transmuter began the quest for the
                  | Orb.
     0 | D:1      | Reached XP level 1. HP: 13/13 MP: 3/3
    35 | D:1      | Slain by a ball python

Illustrated notes

Levels and vault maps discovered:
D:1:      wander_arrival_fairy_ring, layout_rooms, minmay_split_cup_large

Action                   || total
-------------------------++-------
Melee: Unarmed           ||    10
       Constrict         ||     2
 Stab: Sleeping          ||     1
Armor: Skin              ||     2
Dodge: Dodged            ||    10

Table legend: (Time is in decaauts)
 A = Elapsed time spent in this place.
 B = Non-inter-level travel time spent in this place.
 C = Inter-level travel time spent in this place.
 D = Time resting spent in this place.
 E = Time spent auto-exploring this place.
 F = Levels seen in this place.
 G = Mean time per level.
                   A        B        C        D        E       F      G
               +--------+--------+--------+--------+--------+-----+--------+
         Total |     34 |     34 |      0 |      0 |      8 |   1 |   34.0 |
       Dungeon |     34 |     34 |      0 |      0 |      8 |   1 |   34.0 |
               +--------+--------+--------+--------+--------+-----+--------+

Top non-repeatable levels by time:
     D:1: 34 daAuts
